 Dungeon Crawl Stone Soup version 0.23-a0-650-ga4d50d4d25 (webtiles) character file.

104260 Soier the Eclecticist (level 15, -12/119 HPs)
             Began as a Mummy Wizard on Jan 4, 2019.
             Was an Initiate of Gozag.
             Mangled by a skeletal warrior
             ... wielding a +0 long sword
             ... led by a death knight
              (21 damage)
             ... on level 15 of the Dungeon.
             The game lasted 02:24:49 (38340 turns).

Soier the Eclecticist (Mummy Wizard)               Turns: 38340, Time: 02:24:49

Health: -12/119    AC: 13    Str: 12      XL:     15   Next: 91%
Magic:  2/37       EV: 14    Int: 25      God:    Gozag
Gold:   2236       SH:  0    Dex:  8 (11) Spells: 9/50 levels left

rFire    x . .     SeeInvis .   x - +8 halberd (freeze)
rCold    + . .     Gourm    .   (shield currently unavailable)
rNeg     + + +     Faith    .   g - +2 robe {MR+}
rPois    ∞         Spirit   .   C - +1 hat {Int+3}
rElec    .         Reflect  .   j - scarf {cloud immunity}
rCorr    .         Harm     .   v - +0 pair of gloves
MR       ++...                  w - +1 pair of boots
Stlth    +.........             k - amulet of regeneration
HPRegen  0.69/turn              A - ring of wizardry
MPRegen  0.25/turn              i - +5 ring of protection

@: very slightly contaminated, slowed, very slow
A: no food or potions, fire vulnerability, cold resistance 1, negative energy
resistance 3, torment resistance, unbreathing, in touch with death 1
a: Potion Petition, Call Merchant, Bribe Branch, Renounce Religion


You were on level 15 of the Dungeon.
You worshipped Gozag.
Gozag was most pleased with you.
You were not hungry.

You visited 4 branches of the dungeon, and saw 24 of its levels.
You also visited: Sewer, Ossuary and Gauntlet.

You collected 9161 gold pieces.
You spent 2352 gold pieces at shops.
You paid 4573 gold pieces to Gozag.

Inventory:

Hand Weapons
 m - a +1 dagger of electrocution
 u - the +5 mace of the Scorpion {protect, +Inv}
   (You found it on level 6 of the Dungeon)

   It protects the one who uses it against injury (+AC on strike).
   It lets you turn invisible.
 x - a +8 halberd of freezing (weapon)
Missiles
 s - a throwing net (quivered)
Armour
 g - a +2 robe of magic resistance (worn)
 j - a scarf of cloud immunity (worn)
 v - a +0 pair of gloves (worn)
 w - a +1 pair of boots (worn)
 C - a +1 hat of intelligence (worn)
 F - the +1 robe of Ukod {rF+ Dex+2}
   (You found it on level 5 of the Lair of Beasts)

   It affects your dexterity (+2).
   It protects you from fire.
Magical Staves
 o - an uncursed staff of fire
 K - an uncursed staff of air
 R - an uncursed staff of conjuration
Jewellery
 i - a +5 ring of protection (right hand)
 k - an amulet of regeneration (around neck)
 p - a +4 ring of strength
 r - an uncursed ring of stealth
 z - an uncursed ring of fire
 A - a ring of wizardry (left hand)
 J - an uncursed ring of protection from cold
 P - the ring of the Dropbear {Int+3 Dex+3 Slay-3 Stlth+}
   (You found it in a Gauntlet)

   [ring of intelligence]

   It affects your intelligence (+3).
   It affects your dexterity (+3).
   It affects your accuracy and damage with ranged weapons and melee attacks
   (-3).
   It makes you more stealthy.
Wands
 b - a wand of clouds (3)
 t - a wand of flame (50)
 y - a wand of disintegration (31)
 B - a wand of random effects (74)
 D - a wand of enslavement (9)
 E - a wand of digging (3)
 M - a wand of acid (10)
 N - a wand of paralysis (8)
Scrolls
 a - 5 scrolls of immolation
 c - 4 scrolls of identify
 d - 2 scrolls of magic mapping
 e - 3 scrolls of enchant weapon
 f - 5 scrolls of blinking
 h - 4 scrolls of enchant armour
 l - 14 scrolls of teleportation
 n - 8 scrolls of remove curse
 q - 7 scrolls of amnesia
 L - 2 scrolls of fear
Miscellaneous
 G - a fan of gales
 H - a lightning rod (4/4)
 I - a phantom mirror
 O - a sack of spiders


   Skills:
 + Level 11.2 Fighting
 + Level 6.5 Polearms
 - Level 6.9 Dodging
 - Level 1.5 Stealth
 * Level 18.0 Spellcasting
 - Level 11.9 Conjurations
 - Level 0.7 Summonings
 - Level 0.7 Translocations
 - Level 4.2 Fire Magic
 - Level 4.3 Air Magic
 * Level 4.4 Earth Magic
 - Level 6.2 Poison Magic
 - Level 2.7 Evocations


You had 9 spell levels left.
You knew the following spells:

 Your Spells              Type           Power        Failure   Level  Hunger
a - Magic Dart            Conj           ####         0%          1    N/A
b - Call Imp              Summ           ####....     1%          2    N/A
c - Conjure Flame         Conj/Fire      ######..     1%          3    N/A
d - Mephitic Cloud        Conj/Pois/Air  ######..     1%          3    N/A
e - Blink                 Tloc           N/A          1%          2    N/A
f - Olgreb's Toxic Radia  Pois           ######..     1%          4    N/A
g - Venom Bolt            Conj/Pois      ######....   1%          5    N/A
h - Iron Shot             Conj/Erth      ######....   4%          6    N/A
i - Lee's Rapid Deconstr  Erth           #####.....   4%          5    N/A
q - Borgnjor's Vile Clut  Necr/Erth      ######....   10%         5    N/A
w - Bolt of Magma         Conj/Fire/Erth ######....   1%          5    N/A

Your spell library contained the following spells:

 Spells                   Type           Power        Failure   Level  Hunger
 Animate Skeleton         Necr           N/A          1%          1    N/A
 Freeze                   Ice            ###.         1%          1    N/A
 Pain                     Necr           ####         1%          1    N/A
 Sandblast                Erth           #####.       1%          1    N/A
 Sting                    Conj/Pois      ####         1%          1    N/A
 Passwall                 Tmut/Erth      ####....     1%          2    N/A
 Poisonous Vapours        Pois/Air       #####.       1%          2    N/A
 Slow                     Hex            ###.....     1%          2    N/A
 Stone Arrow              Conj/Erth      ######       1%          3    N/A
 Vampiric Draining        Necr           ####......   2%          3    N/A
 Leda's Liquefaction      Hex/Erth       ####......   3%          4    N/A
 Petrify                  Tmut/Erth      ####....     3%          4    N/A
 Orb of Destruction       Conj           ######....   6%          7    N/A
 Animate Dead             Necr           N/A          9%          4    N/A
 Spellforged Servitor     Conj/Summ      ######....   45%         7    N/A
 Death Channel            Necr           ####......   75%         6    N/A
 Ozocubu's Refrigeration  Ice            ###.......   75%         6    N/A
 Shatter                  Erth           #####.....   100%        9    N/A
 Sublimation of Blood     Necr           Unusable     N/A         2    N/A
 Regeneration             Chrm/Necr      Unusable     N/A         3    N/A
 Statue Form              Tmut/Erth      Unusable     N/A         6    N/A

Dungeon Overview and Level Annotations

Branches:
Dungeon (15/15)            Temple (1/1) D:7            Lair (6/6) D:11
  Swamp (0/4) Lair:4       Spider (0/4) Lair:2        Slime (0/5) Lair:6
    Orc (2/2) D:12            Elf (0/3) Orc:2        Vaults (0/5) D:13
 Depths: D:15

Altars:
Ashenzari
Dithmenos
Elyvilon
Gozag
Hepliaklqana
Kikubaaqudgha
Makhleb
Nemelex Xobeh
Sif Muna
Trog
Wu Jian
Xom
Jiyva

Shops:
D:7 =   D:11 !   Orc:2 **:?[

Annotations:
Lair:1 1 runed door, Wuuth's ghost, journeyman DrIE
Lair:6 1 runed door


Innate Abilities, Weirdness & Mutations

You do not eat or drink.
Your flesh is vulnerable to fire.
You are immune to poison.
Your flesh is cold resistant. (rC+)
You are immune to negative energy. (rN+++)
You are immune to unholy pain and torment.
You can survive without breathing.
You are in touch with the powers of death.


Message History

The red ugly thing struggles to escape constriction. x2
You puncture the skeletal warrior! You freeze the skeletal warrior.
The skeletal warrior is almost destroyed.
The zombie hands constrict the red ugly thing!!
The zombie hands constrict the red ugly thing!
The red ugly thing escapes!
The red ugly thing struggles to escape constriction.
The skeletal warrior closely misses you.
The red ugly thing escapes!
You hit the skeletal warrior.
The skeletal warrior is almost destroyed.
The skeletal warrior hits you with a +0 long sword!
* * * LOW HITPOINT WARNING * * *
The red ugly thing claws you!
* * * LOW HITPOINT WARNING * * *
You are engulfed in flames!!
The fire burns you terribly!
* * * LOW HITPOINT WARNING * * *
The skeletal warrior hits you with a +0 long sword!!
You die...
Your body crumbles into a pile of gold.

##.........
#..........#
#..........#
#..........#
#..........#
+###.....(.$..##
.........$.....#
...............#
?......@zW.$...#
####...uu......#
#...........####+#
#......u..........
#.................
#####+##..........
#..........
#.<..§§§§.. $
#.....§§§.≈


You could see 3 ugly things, a skeletal warrior and a wraith.

Vanquished Creatures
  Kirke (D:13)
  Gastronok (Lair:2)
  2 dire elephants
  A minotaur (Gauntlet)
  Snorg (D:14)
  Erolcha (D:9)
  Harold (D:8)
  8 vault guards (D:13)
  14 hydras
  2 centaur warriors (D:14)
  A tengu warrior (D:14)
  An alligator (Lair:6)
  A death knight (D:15)
  3 two-headed ogres
  6 death yaks
  A fire crab (Gauntlet)
  An unseen horror (D:13)
  An orange crystal statue (D:14)
  2 orc knights
  4 lindwurms
  A deep elf mage (D:12)
  2 ugly things (D:13)
  An orc sorcerer (Orc:2)
  15 slime creatures
  3 cyclopes
  Maurice (D:8)
  A manticore (D:14)
  2 centaur zombies
  22 elephants
  7 black mambas
  2 torpor snails (Lair:6)
  Psyche (D:8)
  9 spiny frogs
  2 efreet
  7 komodo dragons
  4 rime drakes
  A yaktaur (shapeshifter) (D:13)
  2 freezing wraiths
  A troll (D:9)
  A jumping spider (Lair:2)
  11 polar bears
  6 hornets
  22 blink frogs
  9 hippogriffs
  6 dream sheep
  3 raiju (Lair:6)
  A spriggan (Lair:3)
  A wraith (D:10)
  5 shadows (D:14)
  4 fire bats (Gauntlet)
  5 basilisks
  A wyvern (Lair:6)
  2 fire elementals (Gauntlet)
  6 hogs
  A human (D:8)
  A hungry ghost (D:12)
  57 yaks
  12 wargs
  4 vampire mosquitoes (D:14)
  17 hell hounds
  An acid dragon (D:11)
  13 water moccasins
  38 orc warriors
  7 porcupines
  Purgy (Sewer)
  2 ice beasts
  14 black bears
  A phantom (D:13)
  3 sky beasts
  10 ogres
  20 centaurs
  23 wolves
  10 crocodiles
  17 bullfrogs
  An elf zombie (Ossuary)
  5 big kobolds
  A gnoll sergeant (D:5)
  2 scorpions
  13 killer bees
  12 wights
  7 crimson imps
  A quasit (D:14)
  4 jellies
  2 centaur skeletons
  A bullfrog zombie (D:9)
  5 hounds
  A bullfrog skeleton (D:4)
  10 orc priests
  Crazy Yiuf (D:6)
  22 orc wizards
  8 iguanas
  Natasha (twice) (D:3)
  5 worker ants
  2 hell rats (Lair:4)
  A killer bee zombie (D:9)
  A hound zombie (D:6)
  4 hound skeletons
  15 gnolls
  12 adders
  A howler monkey skeleton (D:4)
  9 river rats (Lair:4)
  4 shadow imps
  2 dart slugs
  10 leopard geckos
  73 orcs
  2 ball pythons
  5 bats
  9 giant cockroaches
  A gnoll zombie (Ossuary)
  6 goblins
  5 hobgoblins
  12 jackals
  29 kobolds
  4 quokkas
  7 frilled lizards
  5 goblin zombies (Ossuary)
  2 hobgoblin zombies (Ossuary)
  2 jackal skeletons
  A leopard gecko skeleton (D:8)
  An orc zombie (Ossuary)
  A quokka zombie (D:8)
  8 rats
  A fungus (Lair:4)
810 creatures vanquished.

Vanquished Creatures (collateral kills)
  A black mamba (Lair:3)
  2 komodo dragons
  A blink frog (Lair:2)
  A porcupine (Lair:5)
  An ogre (D:5)
  A quasit (D:6)
  Jessica (D:2)
  Natasha (D:3)
  A mummy (Ossuary)
  A gnoll (D:9)
  A shadow imp (D:9)
  3 orcs (D:3)
  A frilled lizard (D:4)
16 creatures vanquished.

Vanquished Creatures (others)
  A centaur skeleton (D:13)
  3 humans (D:13)
  3 bushes (Lair:6)
  96 fungi
  69 plants
172 creatures vanquished.

Grand Total: 998 creatures vanquished

Notes
Turn   | Place    | Note
-------+----------+-------------------------------------------
     0 | D:1      | Soier the Mummy Wizard began the quest for the Orb.
     0 | D:1      | Reached XP level 1. HP: 13/13 MP: 5/5
    71 | D:1      | Reached skill level 1 in Conjurations
   204 | D:1      | Reached XP level 2. HP: 15/20 MP: 0/7
  1192 | D:2      | Learned a level 2 spell: Call Imp
  1205 | D:2      | Reached skill level 1 in Fighting
  1205 | D:2      | Reached XP level 3. HP: 23/26 MP: 2/9
  1552 | D:2      | Noticed Jessica
  1564 | D:2      | Killed Jessica
  1694 | D:2      | Reached XP level 4. HP: 32/32 MP: 2/10
  2018 | D:3      | Noticed Natasha
  2025 | D:3      | Killed Natasha
  2209 | D:3      | Reached skill level 5 in Spellcasting
  2977 | D:3      | Reached XP level 5. HP: 37/37 MP: 6/12
  3308 | D:3      | Noticed Natasha
  3311 | D:3      | Killed Natasha
  3319 | D:3      | Found a faded altar of an unknown god.
  3345 | D:3      | Noticed Natasha
  3352 | D:3      | Killed Natasha
  3635 | D:4      | Reached XP level 6. HP: 44/44 MP: 14/14
  3684 | D:4      | Found a sand-covered staircase.
  3693 | Ossuary  | Entered an ossuary
  3693 | Ossuary  | Noticed a wraith
  3693 | Ossuary  | Noticed a wraith
  3693 | Ossuary  | Noticed a wraith
  3710 | Ossuary  | Reached skill level 6 in Spellcasting
  4073 | Ossuary  | Noticed a wraith
  4522 | D:4      | Learned a level 3 spell: Conjure Flame
  4526 | D:4      | Learned a level 3 spell: Mephitic Cloud
  4884 | D:5      | Entered Level 5 of the Dungeon
  4937 | D:5      | Found an ornate altar of the Wu Jian Council.
  5489 | D:5      | Reached XP level 7. HP: 51/51 MP: 8/16
  5883 | D:5      | Reached skill level 1 in Fire Magic
  6096 | D:5      | Reached skill level 1 in Poison Magic
  6098 | D:5      | Reached skill level 1 in Air Magic
  6358 | D:6      | Reached skill level 7 in Spellcasting
  6463 | D:6      | Found a glowing drain.
  6519 | Sewer    | Entered a sewer
  6603 | Sewer    | Noticed Purgy
  6610 | Sewer    | Killed Purgy
  6722 | D:6      | Reached XP level 8. HP: 58/58 MP: 2/18
  7178 | D:6      | Learned a level 2 spell: Blink
  7253 | D:6      | Found an ancient bone altar of Kikubaaqudgha.
  7263 | D:6      | Found a shattered altar of Ashenzari.
  7538 | D:6      | Found a runed door.
  7629 | D:6      | Found a white marble altar of Elyvilon.
  8180 | D:6      | Noticed Crazy Yiuf
  8189 | D:6      | Killed Crazy Yiuf
  8194 | D:6      | Got a scorched mace
  8196 | D:6      | Identified the +5 mace of the Scorpion {protect, +Inv} (You
                  | found it on level 6 of the Dungeon)
  8304 | D:7      | Reached skill level 8 in Spellcasting
  8406 | D:7      | Reached skill level 5 in Conjurations
  8406 | D:7      | Reached XP level 9. HP: 32/65 MP: 8/21
  9049 | D:7      | Found a staircase to the Ecumenical Temple.
  9085 | Temple   | Entered the Ecumenical Temple
  9113 | Temple   | Became a worshipper of Gozag Ym Sagoz the Greedy
  9481 | D:7      | Found Nucyd's Jewellery Shoppe.
 10134 | D:8      | Found a shimmering altar of Xom.
 10275 | D:8      | Noticed Harold
 10289 | D:8      | Noticed Maurice
 10426 | D:8      | Noticed Psyche
 10446 | D:8      | Killed Psyche
 10446 | D:8      | Reached skill level 9 in Spellcasting
 10478 | D:8      | Learned a level 4 spell: Olgreb's Toxic Radiance
 10510 | D:8      | Found a burning altar of Makhleb.
 10846 | D:8      | Killed Harold
 10846 | D:8      | Reached skill level 5 in Fighting
 10846 | D:8      | Reached XP level 10. HP: 51/74 MP: 9/23
 10904 | D:8      | Killed Maurice
 11153 | D:9      | Noticed Erolcha
 11192 | D:9      | Killed Erolcha
 11192 | D:9      | Reached skill level 10 in Spellcasting
 11954 | D:9      | Noticed a two-headed ogre
 11977 | D:9      | Killed a two-headed ogre
 11977 | D:9      | Reached skill level 5 in Dodging
 12010 | D:9      | Reached XP level 11. HP: 57/81 MP: 2/25
 12813 | D:10     | Entered Level 10 of the Dungeon
 13595 | D:11     | Found a shadowy altar of Dithmenos.
 13623 | D:11     | Reached skill level 11 in Spellcasting
 14054 | D:11     | Noticed a four-headed hydra
 14073 | D:11     | Killed a four-headed hydra
 14167 | D:11     | Found Osagok's Distillery.
 15451 | D:11     | Found a staircase to the Lair.
 15600 | Lair:1   | Entered Level 1 of the Lair of Beasts
 15638 | Lair:1   | Noticed a seven-headed hydra
 15657 | Lair:1   | Killed an eight-headed hydra
 15773 | Lair:1   | Learned a level 5 spell: Venom Bolt
 15819 | Lair:1   | Noticed an eight-headed hydra
 15845 | Lair:1   | Killed a nine-headed hydra
 15845 | Lair:1   | Reached skill level 5 in Poison Magic
 16115 | Lair:1   | HP: 3/83 [komodo dragon (22)]
 16544 | Lair:1   | Reached skill level 12 in Spellcasting
 17160 | Lair:1   | Found a runed door.
 17161 | Lair:1   | Found a shimmering altar of Xom.
 17161 | Lair:1   | Noticed Wuuth's ghost (journeyman DrIE)
 17161 | Lair:1   | Noticed a +0 scimitar of chaos
 17446 | Lair:2   | Found a hole to the Spider Nest.
 17448 | Lair:2   | Reached XP level 12. HP: 26/89 MP: 17/28
 17820 | Lair:2   | Noticed Gastronok
 18031 | Lair:2   | Killed Gastronok
 19569 | Lair:3   | Reached skill level 13 in Spellcasting
 20061 | Lair:3   | Noticed a death yak
 20065 | Lair:3   | Noticed a death yak
 20077 | Lair:3   | Killed a death yak
 20080 | Lair:3   | Noticed a death yak
 20081 | Lair:3   | Killed a death yak
 20646 | Lair:3   | Killed a death yak
 21045 | Lair:3   | Noticed a dire elephant
 21466 | Lair:3   | Killed a dire elephant
 21806 | Lair:3   | Gained mutation: You are in touch with the powers of death.
                  | [Mummy growth]
 21806 | Lair:3   | Reached XP level 13. HP: 83/98 MP: 7/30
 23202 | Lair:3   | Identified 2 scrolls of acquirement
 23569 | Lair:4   | Reached skill level 1 in Polearms
 23571 | Lair:4   | Reached skill level 14 in Spellcasting
 23599 | Lair:4   | Reached skill level 10 in Conjurations
 23960 | Lair:4   | Found a staircase to the Swamp.
 25883 | Lair:5   | Reached skill level 15 in Spellcasting
 26110 | Lair:5   | Got a bloodstained glaive
 26114 | Lair:5   | Identified the +9 glaive "Woimnewk" {holy, rC+} (You found
                  | it on level 5 of the Lair of Beasts)
 26207 | Lair:5   | Identified the +1 robe of Ukod {rF+ Dex+2} (You found it on
                  | level 5 of the Lair of Beasts)
 26539 | Lair:6   | Entered Level 6 of the Lair of Beasts
 26753 | Lair:6   | Reached XP level 14. HP: 108/108 MP: 15/33
 28475 | Lair:6   | Reached skill level 16 in Spellcasting
 29771 | Lair:6   | Reached skill level 10 in Fighting
 29995 | Lair:6   | Found a runed door.
 29995 | Lair:6   | Found a viscous altar of Jiyva.
 29995 | Lair:6   | Found a staircase to the Slime Pits.
 29995 | Lair:6   | Noticed an acid blob
 31276 | D:12     | Reached skill level 5 in Polearms
 31735 | D:12     | Reached skill level 1 in Evocations
 31741 | D:12     | Reached XP level 15. HP: 88/116 MP: 13/35
 31857 | D:12     | Found a staircase to the Orcish Mines.
 32124 | D:12     | Found a white marble altar of Elyvilon.
 32451 | Orc:1    | Entered Level 1 of the Orcish Mines
 32698 | Orc:2    | Entered Level 2 of the Orcish Mines
 32998 | Orc:2    | Reached skill level 17 in Spellcasting
 33091 | Orc:2    | Found a staircase to the Elven Halls.
 33245 | Orc:2    | Found Huajen's Armour Shoppe.
 33641 | Orc:2    | Found Kyonabel's Assorted Antiques.
 33641 | Orc:2    | Found Abudghius's Book Boutique.
 33643 | Orc:2    | Found Xyluurioll's Magic Scroll Shop.
 33645 | Orc:2    | Found Ezajaowk's General Store.
 33650 | Orc:2    | Bought Uhiorik's Grimoire of the Dark Frostbite for 1312
                  | gold pieces
 33650 | Orc:2    | Bought a book of the Earth for 1040 gold pieces
 33901 | Orc:1    | Learned a level 5 spell: Bolt of Magma
 33907 | Orc:1    | Learned a level 5 spell: Borgnjor's Vile Clutch
 34229 | D:13     | Noticed Kirke
 34239 | D:13     | Killed Kirke
 34359 | D:13     | Reached skill level 1 in Earth Magic
 34405 | D:13     | Found a gate to the Vaults.
 34628 | D:13     | Found a gate leading to a gauntlet.
 34637 | Gauntlet | Entered a Gauntlet
 34637 | Gauntlet | Found a transporter.
 34646 | Gauntlet | Found a transporter.
 34648 | Gauntlet | Found a transporter.
 34649 | Gauntlet | Found a transporter.
 34652 | Gauntlet | Found a transporter.
 34654 | Gauntlet | Found a transporter.
 34661 | Gauntlet | Found a transporter.
 34666 | Gauntlet | Found a transporter.
 34729 | Gauntlet | Found a transporter.
 34742 | Gauntlet | Found a transporter.
 34746 | Gauntlet | Found a transporter.
 34762 | Gauntlet | Found a transporter.
 34864 | Gauntlet | Got a scorched sapphire amulet
 35047 | Gauntlet | Identified the amulet "Atti" {Inacc +Inv rElec Str+3} (You
                  | found it in a Gauntlet)
 35058 | Gauntlet | Learned a level 6 spell: Iron Shot
 35157 | Gauntlet | Identified the +0 crystal plate armour "Iryat" {rF+}
 35178 | Gauntlet | HP: 3/117 [minotaur/+2 demon blade of freezing (15)]
 35335 | Gauntlet | Got a scintillating turquoise ring
 35341 | Gauntlet | Identified the Papyrus of Destructive Creation
 35352 | Gauntlet | Identified the ring of the Dropbear {Int+3 Dex+3 Slay-3
                  | Stlth+} (You found it in a Gauntlet)
 35752 | D:13     | Found a hazy altar of Hepliaklqana.
 36429 | D:14     | Learned a level 5 spell: Lee's Rapid Deconstruction
 37163 | D:14     | Noticed Snorg
 37171 | D:14     | Killed Snorg
 38156 | D:14     | Reached skill level 18 in Spellcasting
 38309 | D:15     | Entered Level 15 of the Dungeon
 38340 | D:15     | Mangled by a skeletal warrior

Vault maps used:
D:1:      saegor_arrival_simple_b
D:2:      uniq_jessica
D:3:      chequers_ecumenical_altar_twisty, first_ration, uniq_natasha
D:4:      enter_ossuary_1, grunt_ministairs_9
D:5:      kennysheep_mini
D:6:      grunt_temple_overflow_open, portal_sewer_entry_f, grunt_ministairs_7,
          uniq_crazy_yiuf_cottage
D:7:      temple_pool_b, serial_shops, nicolae_shop_crystal
D:8:      kennysheep_little_box, basic_altar, grunt_livestock, uniq_harold,
          uniq_psyche, uniq_maurice
D:9:      uniq_erolcha
D:11:     david_lair_generic, serial_shops, shop, serial_bayou_pond_d,
          grunt_dithmenos_shadows
D:12:     david_orc_1_choice, elyvilon_altar_4
D:13:     erik_vaults_2, basic_altar, gauntlet_entry_generic, uniq_kirke
D:14:     serial_column_ruins, column_ruins_square_huge,
          column_ruins_open_small, column_ruins_corridor_straight,
          column_ruins_open_small, column_ruins_grid_2, minivault_16, uniq_snorg
D:15:     grunt_enter_depths_giant_problem, hex_tiny, serial_shops, shop_statue,
          shop_statue, shop, nicolae_shop_statue_plus,
          nicolae_shop_window_shopping, uniq_agnes
Temple:   minmay_crystal_spiral_temple
Lair:1:   ebering_ghost_xom
Lair:2:   spider_nest_entry_a, beast_lair_carwin_8, infiniplex_staircase_pool,
          grunt_megastairs_4, lemuel_fruit_tree, uniq_gastronok
Lair:3:   mu_elephants_graveyard
Lair:4:   minmay_swamp_entry_reptiles, kennysheep_rathole
Lair:5:   cheibrodos_lair_overgrown_chateau
Lair:6:   hangedman_lair_caniforms_friends, hangedman_lair_in_review,
          slime_altar_2, serial_bayou_shore_b
Orc:2:    st_orc_rangers, serial_shops, nicolae_shop_stone
Sewer:    kennysheep_door_sewer
Ossuary:  ossuary_kennysheep_city_of_the_dead
Gauntlet: minmay_gauntlet_mixed_oops_all_seconds

Skill      XL: |  1  2  3  4  5  6  7  8  9 10 11 12 13 14 15 |
---------------+----------------------------------------------+-----
Conjurations   | 1 2 3 4 5 6 7 8 9 10 11 | 11.9
Fighting       | 1 2 3 5 6 8 9 10 11 | 11.2
Dodging        | 2 3 4 5 6 |  6.9
Spellcasting   | 5 6 7 8 9 10 12 13 15 16 18 | 18.0
Fire Magic     | 1 2 3 4 |  4.2
Poison Magic   | 1 2 3 4 5 6 |  6.2
Air Magic      | 1 2 3 4 |  4.3
Polearms       | 3 5 6 |  6.5
Evocations     | 1 2 |  2.7
Earth Magic    | 4 |  4.4
Stealth        | |  1.5
Summonings     | |  0.7
Translocations | |  0.7

Action                   |  1- 3 |  4- 6 |  7- 9 | 10-12 | 13-15 || total
-------------------------+-------+-------+-------+-------+-------++-------
Melee: Unarmed           |    27 |       |       |       |       ||    27
       Dagger            |       |   111 |    88 |       |       ||   199
       Mace              |       |       |    70 |   117 |       ||   187
       Halberd           |       |       |       |   195 |   982 ||  1177
 Cast: Magic Dart        |    82 |   117 |   280 |   219 |   153 ||   851
       Call Imp          |     2 |    24 |     4 |    31 |       ||    61
       Mephitic Cloud    |       |     1 |    23 |    27 |    51 ||   102
       Conjure Flame     |       |       |    11 |    27 |    49 ||    87
       Olgreb's Toxic Ra |       |       |     7 |    60 |   103 ||   170
       Blink             |       |       |       |    37 |    41 ||    78
       Venom Bolt        |       |       |       |    45 |   178 ||   223
       Bolt of Magma     |       |       |       |       |    46 ||    46
       Iron Shot         |       |       |       |       |    10 ||    10
       Lee's Rapid Decon |       |       |       |       |     7 ||     7
       Borgnjor's Vile C |       |       |       |       |     5 ||     5
Invok: Potion Petition   |       |       |       |     4 |     5 ||     9
Evoke: Wand              |       |       |       |     8 |     5 ||    13
       Sack of spiders   |       |       |       |       |     3 ||     3
       Fan of gales      |       |       |       |       |     1 ||     1
  Use: Scroll            |       |       |    13 |     5 |    19 ||    37
 Stab: Sleeping          |       |     1 |       |     2 |       ||     3
       Distracted        |       |     1 |       |       |     3 ||     4
       Confused          |       |       |     4 |     4 |    10 ||    18
       Paralysed         |       |       |       |     3 |       ||     3
Armor: Robe              |    10 |    36 |   100 |   157 |   370 ||   673
Dodge: Dodged            |    22 |    66 |   163 |   313 |   832 ||  1396

Table legend:
 A = Non-vault XP
 B = Vault XP
 C = Vault XP percentage of total XP
 D = Non-vault monster count
 E = Vault monster count
 F = Vault count percentage of total count
                 A         B        C        D         E       F
            +---------+---------+-------+---------+---------+-------
      Total |   84246 |   64697 |  43.4 |     570 |     255 |  30.9
            +---------+---------+-------+---------+---------+-------
        D:1 |      38 |       0 |   0.0 |      23 |       0 |   0.0
        D:2 |      43 |      19 |  30.6 |      10 |       1 |   9.1
        D:3 |     180 |      18 |   9.1 |      30 |       1 |   3.2
        D:4 |     114 |      16 |  12.3 |      10 |       2 |  16.7
        D:5 |     521 |       0 |   0.0 |      21 |       0 |   0.0
        D:6 |    1091 |      59 |   5.1 |      21 |       9 |  30.0
        D:7 |    1128 |       0 |   0.0 |      23 |       0 |   0.0
        D:8 |     809 |    2889 |  78.1 |      27 |       8 |  22.9
        D:9 |    3908 |     878 |  18.3 |      48 |       1 |   2.0
       D:10 |     773 |     284 |  26.9 |      20 |       2 |   9.1
       D:11 |    2941 |     373 |  11.3 |      29 |       3 |   9.4
       D:12 |    8948 |     571 |   6.0 |      45 |       8 |  15.1
       D:13 |    4539 |   10329 |  69.5 |      21 |      12 |  36.4
       D:14 |   12989 |    1781 |  12.1 |      51 |       2 |   3.8
       D:15 |    1243 |       0 |   0.0 |       2 |       0 |   0.0
     Lair:1 |    4927 |       0 |   0.0 |      17 |       0 |   0.0
     Lair:2 |    3089 |    4796 |  60.8 |      14 |      12 |  46.2
     Lair:3 |    5107 |    8528 |  62.5 |      16 |      17 |  51.5
     Lair:4 |    6831 |     729 |   9.6 |      20 |      17 |  45.9
     Lair:5 |    7960 |    4333 |  35.2 |      21 |      15 |  41.7
     Lair:6 |   13546 |   20572 |  60.3 |      46 |      77 |  62.6
      Orc:1 |    1220 |       0 |   0.0 |      28 |       0 |   0.0
      Orc:2 |    2301 |    3934 |  63.1 |      27 |      37 |  57.8
      Sewer |       0 |     138 | 100.0 |       0 |       6 | 100.0
    Ossuary |       0 |     115 | 100.0 |       0 |      11 | 100.0
   Gauntlet |       0 |    4335 | 100.0 |       0 |      14 | 100.0
            +---------+---------+-------+---------+---------+-------
